 Dungeon Crawl Stone Soup version 0.19-a0-1254-gb9c29c0 (webtiles) character file.

200 JustSomeDude the Skirmisher (level 5, 42/42 HPs)
             Began as a Demonspawn Fighter on Aug 27, 2016.
             Quit the game on level 7 of the Dungeon.
             The game lasted 00:09:26 (1917 turns).

JustSomeDude the Skirmisher (Demonspawn Fighter)    Turns: 1917, Time: 00:09:27

Health: 42/42      AC:  6    Str: 17    XL:     5   Next: 49%
Magic:  5/5        EV:  8    Int:  9    God:
Gold:   117        SH: 10    Dex: 13    Spells: 0 memorised, 4 levels left

rFire  . . .     SeeInvis .     a - +0 trident
rCold  . . .     Gourm    .     b - +0 scale mail
rNeg   . . .     Faith    .     c - +1 shield
rPois  .         Spirit   .     (no helmet)
rElec  .         Dismiss  .     (no cloak)
rCorr  .         Reflect  .     (no gloves)
MR     .....     Harm     .     (no boots)
Stlth  ..........               (no amulet)
                                (no ring)
                                (no ring)

@: no status effects
A: hooves 1, demonic guardian 1
a: no special abilities


You were on level 7 of the Dungeon.
You were not hungry.

You visited 1 branch of the dungeon, and saw 7 of its levels.

You collected 117 gold pieces.

Inventory:

Hand Weapons
 a - a +0 trident (weapon)
Armour
 b - a +0 scale mail (worn)
 c - a +1 shield (worn)
Jewellery
 l - an uncursed amulet of harm {unknown}
Scrolls
 i - 3 scrolls of identify
 j - a scroll of remove curse
Potions
 d - a potion of might
 g - a potion of ambrosia {unknown}
 k - a potion of brilliance {unknown}
 m - 3 potions of berserk rage
 p - a potion of lignification {unknown}
 q - a potion of curing {unknown}
 u - a potion of heal wounds {unknown}
 v - a potion of degeneration {unknown}
Comestibles
 f - 3 bread rations
 r - 2 fruits


   Skills:
 + Level 4.0 Fighting
 + Level 2.2 Polearms
 + Level 3.6 Armour
 + Level 1.7 Dodging
 + Level 0.4 Stealth
 + Level 3.4 Shields


You had 4 spell levels left.
You didn't know any spells.

Dungeon Overview and Level Annotations

Branches:
Dungeon (7/15)
 Temple: D:4-7

Altars:
Gozag
Makhleb
Uskayaw

Shops:
D:4 }(   D:5 }


Innate Abilities, Weirdness & Mutations

You have large cloven feet.
A weak demonic guardian rushes to your aid.


Message History

There is a stone staircase leading up here.
You start resting.
You are feeling hungry.
Unknown command.
You start eating the royal jelly.
You continue eating. x2
You finish eating.
That royal jelly was delicious!
You start resting.
HP restored.
Found a stone staircase leading down.
Found a scroll labeled FYSEZI OTOIST.
Found 18 gold pieces.
There is a stone staircase leading down here.
You climb downwards.
You hear the hiss of flowing sand.
There is an entrance to an ossuary on this level.
Hurry and find it before the portal is buried!
Found four items.
Found a stone staircase leading down and a stone staircase leading up.
There is a stone staircase leading up here.
Are you sure you want to abandon this character and quit the game? (Confirm with "yes".)

...............
!..............
........?......
.............<.
...............
...............
.......>.......
.......@.......
...............
..(............
...#..#.#..$...
#. ####.#..####
# #.#..# #.# .#
..# .#


There were no monsters in sight!

Vanquished Creatures
  A jelly (D:5)
  A hound (D:4)
  An orc wizard (D:4)
  An iguana (D:5)
  A worker ant (D:4)
  A worm (D:5)
  A dart slug (D:2)
  A giant gecko (D:5)
  4 orcs (D:4)
  3 bats
  3 giant cockroaches
  3 goblins (D:1)
  4 hobgoblins
  A quokka (D:5)
  3 giant newts
  2 kobolds
31 creatures vanquished.

Vanquished Creatures (collateral kills)
  A howler monkey (D:5)
  2 jackals (D:5)
3 creatures vanquished.

Grand Total: 34 creatures vanquished

Notes
Turn   | Place    | Note
-------+----------+-------------------------------------------
     0 | D:1      | JustSomeDude the Demonspawn Fighter began the quest for the Orb.
     0 | D:1      | Reached XP level 1. HP: 18/18 MP: 1/1
   212 | D:1      | Gained mutation: You have large cloven feet. [demonic ancestry]
   212 | D:1      | Reached XP level 2. HP: 4/24 MP: 2/2
   880 | D:3      | Found a hide-covered altar of Uskayaw.
   918 | D:3      | Found a burning altar of Makhleb.
  1002 | D:4      | Found an opulent altar of Gozag.
  1003 | D:4      | Gained mutation: A weak demonic guardian rushes to your aid. [demonic ancestry]
  1003 | D:4      | Reached XP level 3. HP: 29/29 MP: 3/3
  1051 | D:4      | Found Hynenan's Gadget Boutique.
  1075 | D:4      | Found Tityiseb's Weapon Shoppe.
  1100 | D:4      | Reached skill level 1 in Dodging
  1100 | D:4      | Reached XP level 4. HP: 18/36 MP: 4/4
  1247 | D:5      | Entered Level 5 of the Dungeon
  1405 | D:5      | Reached skill level 4 in Fighting
  1405 | D:5      | Reached XP level 5. HP: 28/42 MP: 5/5
  1417 | D:5      | Found Qutwemae's Gadget Boutique.
  1649 | D:5      | Noticed a centaur
  1662 | D:5      | Noticed a sky beast
  1917 | D:7      | Quit the game

Vault maps used:
D:1:      saegor_arrival_simple_e, minmay_misc_feat_chi,
          kennysheep_pointless_box, minmay_strange_pillars
D:2:      grunt_ministairs_6
D:3:      nicolae_overflow_crystal_walls, eat_drink_and_be_merry_uskayaw,
          lemuel_doored_altar, dk_noncrumbling_3
D:4:      nicolae_gozag_seed_capital, nicolae_overflow_hidden_temple,
          lemuel_coloured_pillars_altar, marbit_many_paths, first_bread,
          serial_shops, nicolae_shop_statue_plus, shop, shop
D:5:      serial_shops, shop, serial_bayou_lake_a
D:6:      minmay_misc_feat_diagonals, uniq_eustachio
D:7:      okawaru_ov_weapons_minmay, nicolae_ossuary_entry_monument,
          minmay_hollow_rounded_squares

Skill      XL: |  1  2  3  4 |
---------------+-------------+-----
Armour         | 3 |  3.6
Polearms       | 2 |  2.2
Shields        | 3 |  3.4
Dodging        | 1 |  1.7
Fighting       | 4 |  4.0
Stealth        | |  0.4

Action                   |  1- 3 |  4- 6 || total
-------------------------+-------+-------++-------
Melee: Trident           |   100 |    36 ||   136
       Kick              |    11 |    12 ||    23
  Use: Potion            |     1 |     1 ||     2
       Scroll            |       |     6 ||     6
  Eat: Chunk             |     1 |     2 ||     3
       Royal jelly       |       |     1 ||     1
Armor: Scale mail        |    40 |    12 ||    52
Dodge: Dodged            |    18 |    10 ||    28
Block: Shield            |    30 |    24 ||    54
